 Dungeon Crawl Stone Soup version 0.26-a0-540-g8a0c9464d7 (webtiles) character file.

Game seed: 14923514769533163948

(classic levelgen) 46 EnegeticOcto the Grave Robber (level 3, -26/28 HPs)
             Began as a Deep Dwarf Necromancer on Aug 18, 2020.
             Was an Initiate of Sif Muna.
             Annihilated by an ogre
             ... wielding a +0 giant club
              (27 damage)
             ... on level 4 of the Dungeon.
             The game lasted 00:02:51 (277 turns).

EnegeticOcto the Grave Robber (DDNe)                 Turns: 277, Time: 00:02:52

Health: -26/28     AC:  2    Str: 11    XL:     3   Next: 46%
Magic:  1/4        EV: 12    Int: 16    God:    Sif Muna [......]
Gold:   12         SH:  0    Dex: 13    Spells: 1/5 levels left

rFire    . . .     SeeInvis .   b - +0 flail
rCold    . . .     Faith    .   (no shield)
rNeg     . . .     Spirit   .   a - +0 robe
rPois    .         Reflect  .   (no helmet)
rElec    .         Harm     .   (no cloak)
rCorr    +                      (no gloves)
MR       .....                  (no boots)
Stlth    +++.......             (no amulet)
HPRegen  0.00/turn              e - ring of resist corrosion
MPRegen  0.09/turn              h - ring of stealth

@: non-regenerating
A: damage resistance, heal wounds, sense surroundings 1, no regeneration
a: Heal Wounds, Renounce Religion


You were on level 4 of the Dungeon.
You worshipped Sif Muna.
Sif Muna was noncommittal.
You visited 2 branches of the dungeon, and saw 5 of its levels.

You collected 12 gold pieces.

Inventory:

Hand Weapons
 b - a +0 flail (weapon)
Armour
 a - a +0 robe (worn)
Jewellery
 e - a ring of resist corrosion (left hand)
 h - a ring of stealth (right hand)
Scrolls
 f - 2 scrolls of magic mapping {unknown}
 g - a scroll of enchant armour {unknown}
 i - a scroll of enchant weapon {unknown}
Potions
 c - 2 potions of curing {unknown}
 d - a potion of mutation {unknown}


   Skills:
 - Level 2.1 Dodging
 - Level 2.4 Stealth
 - Level 1.8 Spellcasting
 + Level 5.7 Necromancy
 + Level 0.3 Invocations


You had one spell level left.
You knew the following spells:

 Your Spells              Type           Power        Failure   Level
a - Pain                  Necr           ###.         1%          1
b - Vampiric Draining     Necr           ###.......   6%          3

Your spell library contained the following spells:

 Spells                   Type           Power        Failure   Level
 Animate Skeleton         Necr           ###...       1%          1
 Animate Dead             Necr           ###.......   21%         4
 Agony                    Necr           ###.....     50%         5


Dungeon Overview and Level Annotations

Branches:
Dungeon (4/15)             Temple (1/1) D:4

Altars:
Elyvilon
Kikubaaqudgha
Okawaru
Qazlal
Sif Muna
Yredelemnul
Zin


Innate Abilities, Weirdness & Mutations

You are resistant to damage.
You can heal yourself by infusing magical energy.
You passively map a small area around you.
You do not regenerate.


Message History

You are very lightly contaminated with residual magic.
Nothing appears to happen.
The orc misses you.
You open the door. The orc barely misses you.
Found a white marble altar of Elyvilon.
Your magical contamination has completely faded away.
Found an ancient bone altar of Kikubaaqudgha.
There is an open door here.
The orc closely misses you.
You open the door. The orc closely misses you.
Found a stormy altar of Qazlal.
The orc closely misses you. x2
The orc barely misses you.
You open the door. The orc hits you with a +0 flail.
* * * LOW HITPOINT WARNING * * *
The orc hits you.
* * * LOW HITPOINT WARNING * * *
Found an iron altar of Okawaru.
There is an open door here.
You open the door. The orc completely misses you. x2
Found a shimmering blue altar of Sif Muna.
There is an open door here.
Okay, then.
Casting: Vampiric Draining (quite dangerous; 6% risk of failure)
Confirm with . or Enter, or press ? or * to list all spells.
The spell is quite dangerous to cast (6% risk of failure)!
Continue anyway?
Aiming: Vampiric Draining (quite dangerous; 6% risk of failure)
Press: ? - help, Shift-Dir - straight line, f - orc
Aim: an orc You kill the orc!
You feel life coursing into your body.
There is a shimmering blue altar of Sif Muna here.
You kneel at the altar of Sif Muna.
Sif Muna welcomes you! The orc misses you.
You feel much better.
You completely miss the orc. The orc hits you with a +0 flail.
You sock the orc!
You kill the orc!
Sif Muna accepts your kill. The orc hits you with a +0 flail.
Things that are here:
a +0 flail; a +0 scale mail Your magical essence is drained by the effort!
You feel much better. The orc closely misses you.
Casting: Vampiric Draining (quite dangerous; 6% risk of failure)
Confirm with . or Enter, or press ? or * to list all spells.
Aiming: Pain (safe; 1% risk of failure)
Press: ? - help, Shift-Dir - straight line, f - orc
Aim: an orc, wielding a +0 flail (chance to defeat MR: 89%)
The orc writhes in agony.
The orc barely misses you.
You barely miss the orc.
The orc is severely wounded.
The orc hits you with a +0 flail.
You closely miss the orc.
The orc is severely wounded.
The orc closely misses you.
You sock the orc!
You kill the orc!
Sif Muna accepts your kill.
You see here a +0 flail.
Things that are here:
a +0 flail; a +0 scale mail
There is an open door here.
You see here an orc corpse.
You open the door.
There is an open door here.
There is a staircase back to the Dungeon, spattered with blood here.
Drop what? 9/52 slots (_ for help) (? for menu, Esc to quit)
Okay, then.
h - a ring of stealth (right hand)
You climb upwards.
Welcome back to the Dungeon!
The ogre closely misses you.
There is a staircase to the Ecumenical Temple here.
An orc comes into view. It is wielding a +3 dagger.
Found 28 bolts and a leather armour.
Found a scroll labeled HICLACI XAATOJYSCH.
You see here a scroll labeled HICLACI XAATOJYSCH.
f - 2 scrolls labeled HICLACI XAATOJYSCH (gained 1)
The ogre barely misses you.
Found 18 stones.
Casting: Pain (safe; 1% risk of failure)
Confirm with . or Enter, or press ? or * to list all spells.
Aiming: Pain (safe; 1% risk of failure)
Press: ? - help, Shift-Dir - straight line, f - ogre
Aim: an ogre, wielding a +0 giant club (chance to defeat MR: 78%)
The ogre barely resists.
Casting: Pain (safe; 1% risk of failure)
Confirm with . or Enter, or press ? or * to list all spells.
Aiming: Pain (safe; 1% risk of failure)
Press: ? - help, Shift-Dir - straight line, f/p - ogre
Aim: an ogre, wielding a +0 giant club (chance to defeat MR: 78%)
The ogre writhes in agony.
The ogre hits you with a +0 giant club!!
Ouch! That really hurt!
* * * LOW HITPOINT WARNING * * *
The orc shouts!
You sock the ogre!
The ogre is moderately wounded.
The ogre hits you with a +0 giant club!!
Ouch! That really hurt!
You die...

#####...#....... ,, ..
........#.....# .# ,,
####...###....####..#
#...........#....#*
.....#.....#..o.#
#..###..>..###..######
#.. #.....#.........#
###..........o.#####.#
** ##...###.....O@.# *
, ......#...#.###....#
#####. #.....# ###....
* ##...#...# ##.
#....### , #..##* , .(
* ⌠ ,⌠ *


You could see an ogre and an orc.

Vanquished Creatures
  An orc wizard (D:3)
  An ooze (D:1)
  7 orcs
  A bat (D:1)
10 creatures vanquished.

Notes
Turn   | Place    | Note
-------+----------+-------------------------------------------
     0 | D:1      | EnegeticOcto the Deep Dwarf Necromancer began the quest for
                  | the Orb.
     0 | D:1      | Reached XP level 1. HP: 15/15 MP: 3/3
    66 | D:3      | Reached XP level 2. HP: 14/22 MP: 0/4
    85 | D:3      | Reached skill level 5 in Necromancy
    91 | D:3      | Reached XP level 3. HP: 28/28 MP: 1/5
   173 | D:4      | Learned a level 3 spell: Vampiric Draining
   184 | D:4      | Found a staircase to the Ecumenical Temple.
   186 | D:4      | Noticed an ogre
   193 | Temple   | Entered the Ecumenical Temple
   241 | Temple   | Became a worshipper of Sif Muna the Loreminder
   276 | D:4      | HP: 1/28 [ogre/+0 giant club (23)]
   277 | D:4      | Annihilated by an ogre

Illustrated notes

Levels and vault maps discovered:
D:1:      lightli_arrival_statuegarden, layout_basic
D:2:      layout_basic, lemuel_coloured_pillars_altar,
          grunt_temple_overflow_open
D:3:      layout_loops_ring, dancing_weapons_uskayaw, marbit_many_paths,
          kennysheep_jessica_study, uniq_sigmund
D:4:      layout_rooms, lemuel_doored_altar, minmay_temple_entry_tees,
          serial_shops, nicolae_shop_overgrown_old_shop, kennysheep_donut,
          minmay_bent
Temple:   nicolae_temple_figure_zero

Skill      XL: |  1  2 |
---------------+-------+-----
Necromancy     | 5 |  5.7
Dodging        | |  2.1
Stealth        | |  2.4
Spellcasting   | |  1.8
Invocations    | |  0.3

Action                   || total
-------------------------++-------
Melee: Unarmed           ||     6
       Flail             ||    24
 Cast: Pain              ||    15
       Vampiric Draining ||     1
 Abil: Heal Wounds       ||     3
Armor: Robe              ||     3
Dodge: Dodged            ||    55

Table legend: (Time is in decaauts)
 A = Elapsed time spent in this place.
 B = Non-inter-level travel time spent in this place.
 C = Inter-level travel time spent in this place.
 D = Time resting spent in this place.
 E = Time spent auto-exploring this place.
 F = Levels seen in this place.
 G = Mean time per level.
                   A        B        C        D        E       F      G
               +--------+--------+--------+--------+--------+-----+--------+
         Total |    286 |    286 |      0 |      0 |      0 |   5 |   57.2 |
       Dungeon |    214 |    214 |      0 |      0 |      0 |   4 |   53.5 |
        Temple |     71 |     71 |      0 |      0 |      0 |   1 |   71.0 |
               +--------+--------+--------+--------+--------+-----+--------+

Top non-repeatable levels by time:
     D:3: 100 daAuts
  Temple: 71 daAuts
     D:4: 66 daAuts
     D:1: 42 daAuts
     D:2: 6 daAuts
